 Dungeon Crawl Stone Soup version 0.27.0-1-g7a089689b8 (webtiles) character file.

Game seed: 4350962595473149069

7219 Colgate the Thaumaturge (level 10, -8/63 HPs)
             Began as a Deep Elf Transmuter on Aug 15, 2021.
             Was a Follower of Uskayaw.
             Mangled by a brown ugly thing (10 damage)
             ... on level 10 of the Dungeon.
             The game lasted 01:09:59 (11889 turns).

Colgate the Thaumaturge (Deep Elf Transmuter)      Turns: 11889, Time: 01:10:00

Health: -8/63      AC:  0    Str:  7    XL:     10   Next: 87%
Magic:  0/25       EV: 13    Int: 28    God:    Uskayaw [*.....]
Gold:   527        SH:  0    Dex: 15    Spells: 15/28 levels left

rFire    x . .     SeeInvis .     - Unarmed
rCold    + + +     Faith    .   (shield currently unavailable)
rNeg     . . .     Spirit   +   (armour currently unavailable)
rPois    +         Reflect  .   (helmet currently unavailable)
rElec    .         Harm     .   (cloak currently unavailable)
rCorr    .         Rampage  .   (gloves currently unavailable)
Will     +....                  (boots currently unavailable)
Stlth    +++.......             a - amulet of guardian spirit
HPRegen  0.20/turn              c - +6 ring of intelligence
MPRegen  0.19/turn              e - ring of protection from cold

@: ice-armoured, ice-form, corroded, studying Earth Magic
A: freezing attack, amphibious, boosted hp, large
a: End Transformation, Renounce Religion, Stomp


You were on level 10 of the Dungeon.
You worshipped Uskayaw.
Uskayaw was noncommittal.
You were a creature of crystalline ice.
You visited 1 branch of the dungeon, and saw 10 of its levels.
You also visited: Bailey.

You collected 527 gold pieces.

Inventory:

Hand Weapons
 x - a +0 hunting sling
 B - a +0 hand crossbow (melded)
 O - a +0 shortbow
Missiles
 f - 18 boomerangs
 h - 337 stones
 m - 63 poisoned darts
 o - 110 sling bullets
 p - 241 arrows
 z - 14 bolts
 A - 2 throwing nets
 M - a curare-tipped dart
Armour
 g - a +2 pair of gloves of strength (melded)
 r - a +0 helmet (melded)
 v - a +0 cloak (melded)
 H - a +1 robe of positive energy (melded)
 N - the +0 pair of boots "Reasugat" (melded) {+Blink rElec Stlth-}
   (You found it on level 7 of the Dungeon)

   rElec:     It insulates you from electricity.
   +Blink:    It lets you blink.
   Stlth:     It makes you less stealthy.
Jewellery
 a - an amulet of guardian spirit (around neck)
 b - a ring of poison resistance
 c - a +6 ring of intelligence (left front paw)
 e - a ring of protection from cold (right front paw)
 n - an amulet of the acrobat
 K - an amulet of regeneration
 Q - an amulet of reflection
Wands
 l - a wand of flame (25)
 D - a wand of iceblast (14)
 G - a wand of mindburst (12)
 L - a wand of paralysis (8)
Scrolls
 d - 9 scrolls of identify {unknown}
 i - a scroll of fog {unknown}
 j - 4 scrolls of teleportation {unknown}
 s - 2 scrolls of blinking {unknown}
 t - 3 scrolls of fear {unknown}
 y - a scroll of amnesia {unknown}
 E - a scroll of holy word {unknown}
 F - a scroll of vulnerability {unknown}
 J - a scroll of immolation {unknown}
 T - 3 scrolls of enchant armour {unknown}
 U - a scroll of magic mapping {unknown}
Potions
 k - 3 potions of degeneration {unknown}
 q - 3 potions of berserk rage
 u - 2 potions of brilliance {unknown}
 w - 3 potions of curing
 C - 2 potions of might {unknown}
 I - a potion of cancellation {unknown}
 P - 2 potions of lignification {unknown}
 R - 2 potions of heal wounds {unknown}
 S - 3 potions of attraction {unknown}


   Skills:
 + Level 1.8 Fighting
 + Level 2.5 Crossbows
 + Level 6.8 Dodging
 + Level 4.7 Stealth
 + Level 9.5 Unarmed Combat
 + Level 9.6 Spellcasting
 + Level 3.5 Transmutations
 + Level 7.4 Ice Magic
 + Level 2.2 Evocations


You had 15 spell levels left.
You knew the following spells:

 Your Spells              Type           Power      Damage    Failure   Level
a - Beastly Appendage     Tmut           66%        N/A       1%          1
b - Wereblood             Tmut           33%        N/A       1%          2
c - Spider Form           Tmut/Pois      11%        N/A       6%          3
d - Ice Form              Ice/Tmut       44%        N/A       4%          4
e - Ozocubu's Armour      Ice            53%        N/A       1%          3

Your spell library contained the following spells:

 Spells                   Type           Power      Damage    Failure   Level
 Ignite Poison            Fire/Tmut/Pois 20%        N/A       8%          3
 Conjure Flame            Conj/Fire      13%        6-21      13%         3
 Sticky Flame             Conj/Fire      13%        2d4       38%         4
 Ozocubu's Refrigeration  Ice            26%        4d10      86%         7


Dungeon Overview and Level Annotations

Branches:
Dungeon (10/15)            Temple (0/1) D:6            Lair (0/6) D:8
 Bailey (visited)
    Orc: D:9-12

Altars:
Ashenzari
Cheibriados
Dithmenos
Fedhas
Gozag
Makhleb
Nemelex Xobeh
Okawaru
Qazlal
Uskayaw
Wu Jian
Yredelemnul

Shops:
D:5 *

Annotations:
D:4 Sigmund
D:9 exclusion: 3 oklob plants


Message History

The +0 pair of boots "Reasugat" {+Blink rElec Stlth-} melds into your body.
Your +1 robe of positive energy melds into your body.
You feel weaker.
You feel less protected from negative energy.
The brown ugly thing closely misses you.
Your icy body feels more resilient.
The brown ugly thing tail-slaps you. The acid corrodes you!
You are splashed with acid!
You stomp with the beat, sending a shockwave through the revellers around you!
The brown ugly thing is moderately wounded.
You can no longer stomp with the beat.
The brown ugly thing tail-slaps you. The acid corrodes you!
You are splashed with acid!
You punch the brown ugly thing! You freeze the brown ugly thing.
The brown ugly thing is heavily wounded.
The brown ugly thing tail-slaps you. The acid corrodes you!
You are splashed with acid!
You can now stomp with the beat.
You barely miss the brown ugly thing.
The brown ugly thing is heavily wounded.
The brown ugly thing tail-slaps you. The acid corrodes you!
You are splashed with acid!
You are too injured to fight recklessly!
You are too injured to fight recklessly!
You barely miss the brown ugly thing.
The brown ugly thing is heavily wounded.
The brown ugly thing tail-slaps you. The acid corrodes you!
You are splashed with acid!
* * * LOW HITPOINT WARNING * * *
You hit the brown ugly thing. You freeze the brown ugly thing.
The brown ugly thing is heavily wounded.
You hit the brown ugly thing but do no damage.
The brown ugly thing is heavily wounded.
The brown ugly thing tail-slaps you!
* * * LOW HITPOINT WARNING * * *
The acid corrodes you!
You are splashed with acid!
* * * LOW HITPOINT WARNING * * *
You hit the brown ugly thing. You freeze the brown ugly thing.
The brown ugly thing is heavily wounded.
The brown ugly thing tail-slaps you!
You die...

### ..# #.# #.#
######
######.#####....(.
#.....<.##.u..(...
.........##.#
##.......##(#
#......Yu..#
#.......####
#.......#
##.###### #. #


You could see a brown ugly thing.

Vanquished Creatures
  Pikel (D:4)
  2 orc knights (Bailey)
  An elephant (D:8)
  A gargoyle (D:7)
  A komodo dragon (D:7)
  Grinder (D:3)
  2 wyverns
  A yak (D:8)
  2 basilisks (D:8)
  A steam dragon (D:6)
  Edmund (D:5)
  A water moccasin (D:9)
  6 orc warriors
  4 ice beasts
  A sky beast (D:7)
  A black bear (D:7)
  A necrophage (D:5)
  An ogre (D:5)
  4 centaurs
  A phantom (D:5)
  2 kobold brigands (D:7)
  3 bullfrogs
  2 wyvern zombies (D:7)
  A scorpion (D:5)
  A water moccasin zombie (D:7)
  2 wyvern skeletons (D:7)
  3 howler monkeys
  13 wights
  3 centaur zombies (D:7)
  2 bullfrog zombies
  A bullfrog skeleton (D:5)
  Crazy Yiuf (D:3)
  2 centaur skeletons
  2 jellies
  Jessica (D:2)
  Natasha (twice) (D:2)
  3 orc wizards
  5 iguanas
  A killer bee zombie (D:7)
  2 howler monkey zombies
  Robin (D:2)
  2 adders
  A white imp (D:5)
  An ufetubus (D:5)
  An adder skeleton (D:4)
  2 dart slugs (D:2)
  25 orcs
  6 endoplasms
  3 giant cockroaches
  24 goblins
  7 hobgoblins
  10 jackals
  14 kobolds
  2 quokkas
  8 ball pythons
  3 bats
  2 frilled lizards
  10 rats
208 creatures vanquished.

Notes
Turn   | Place    | Note
-------+----------+-------------------------------------------
     0 | D:1      | Colgate the Deep Elf Transmuter began the quest for the
                  | Orb.
     0 | D:1      | Reached XP level 1. HP: 11/11 MP: 6/6
   205 | D:1      | Reached XP level 2. HP: 7/16 MP: 7/9
   436 | D:1      | Learned a level 2 spell: Wereblood
   729 | D:1      | Found a faded altar of an unknown god.
   765 | D:1      | Became a worshipper of Uskayaw the Reveller
   765 | D:1      | Reached * piety under Uskayaw
   987 | D:2      | Noticed Jessica
  1000 | D:2      | Reached ** piety under Uskayaw
  1003 | D:2      | Killed Jessica
  1004 | D:2      | Reached XP level 3. HP: 6/20 MP: 10/10
  1008 | D:2      | Learned a level 3 spell: Spider Form
  1273 | D:2      | Noticed Robin
  1328 | D:2      | Reached XP level 4. HP: 24/24 MP: 7/12
  1333 | D:2      | Reached *** piety under Uskayaw
  1334 | D:2      | Killed Robin
  1334 | D:2      | Reached **** piety under Uskayaw
  1423 | D:2      | Noticed Natasha
  1439 | D:2      | Killed Natasha
  1629 | D:2      | Noticed Natasha
  1639 | D:2      | Killed Natasha
  1641 | D:2      | Reached XP level 5. HP: 10/28 MP: 10/13
  1910 | D:2      | Found an opulent altar of Gozag.
  2548 | D:3      | Found a runed translucent door.
  2549 | D:3      | Noticed Crazy Yiuf
  2561 | D:3      | Killed Crazy Yiuf
  2887 | D:3      | Noticed Grinder
  2890 | D:3      | Paralysed by Grinder for 7 turns
  2910 | D:3      | Killed Grinder
  2911 | D:3      | Reached skill level 5 in Unarmed Combat
  2911 | D:3      | Reached XP level 6. HP: 29/33 MP: 2/14
  3077 | D:3      | Found a snail-covered altar of Cheibriados.
  3290 | D:3      | Found a sparkling altar of Nemelex Xobeh.
  3698 | D:4      | Noticed Sigmund
  3835 | D:4      | Reached XP level 7. HP: 37/37 MP: 15/15
  4108 | D:4      | Noticed Pikel
  4152 | D:4      | Killed Pikel
  4174 | D:4      | Learned a level 4 spell: Ice Form
  4178 | D:4      | Learned a level 3 spell: Ozocubu's Armour
  4271 | D:5      | Entered Level 5 of the Dungeon
  4458 | D:5      | Reached XP level 8. HP: 42/42 MP: 9/22
  4651 | D:5      | Found a broken altar of Ashenzari.
  4686 | D:5      | Found Yweaduphi's Elemental Accessories.
  4700 | D:5      | Reached skill level 1 in Ice Magic
  5140 | D:5      | Found a shadowy altar of Dithmenos.
  5287 | D:5      | Noticed Edmund
  5293 | D:5      | Killed Edmund
  5599 | D:6      | Found a stormy altar of Qazlal.
  5704 | D:6      | Noticed an air elemental
  5732 | D:6      | Found a burning altar of Makhleb.
  6105 | D:6      | Found a staircase to the Ecumenical Temple.
  6117 | D:6      | Found a blossoming altar of Fedhas.
  6138 | D:6      | Reached skill level 1 in Crossbows
  6457 | D:7      | Reached XP level 9. HP: 9/46 MP: 7/24
  6748 | D:7      | Identified the +0 pair of boots "Reasugat" {+Blink rElec
                  | Stlth-}
  6763 | D:7      | Reached skill level 1 in Evocations
  6765 | D:7      | Reached skill level 1 in Fighting
  6953 | D:7      | Reached skill level 1 in Stealth
  7497 | D:7      | Found a basalt altar of Yredelemnul.
  7943 | D:7      | Found an opulent altar of Gozag.
  8208 | D:7      | Reached skill level 5 in Dodging
  8345 | D:7      | Noticed a komodo dragon
  8345 | D:7      | Noticed a gargoyle
  8376 | D:7      | Reached skill level 5 in Ice Magic
  8380 | D:7      | Reached ***** piety under Uskayaw
  8384 | D:7      | Killed a komodo dragon
  8385 | D:7      | Killed a gargoyle
  8386 | D:7      | Reached XP level 10. HP: 28/52 MP: 2/25
  8611 | D:8      | Found a flagged portal.
  8705 | Bailey   | Entered a bailey
  8795 | Bailey   | Noticed an orc knight
  8795 | Bailey   | Noticed an orc knight
  8800 | Bailey   | Killed an orc knight
  8801 | Bailey   | Killed an orc knight
  9373 | D:8      | Found an ornate altar of the Wu Jian Council.
  9721 | D:8      | Noticed an elephant
  9767 | D:8      | Killed an elephant
 10040 | D:8      | Found a staircase to the Lair.
 10913 | D:9      | Noticed an oklob plant
 11322 | D:9      | Noticed an oklob plant
 11386 | D:9      | Noticed an oklob plant
 11684 | D:9      | Found an iron altar of Okawaru.
 11865 | D:10     | Entered Level 10 of the Dungeon
 11873 | D:10     | Noticed a brown ugly thing
 11888 | D:10     | HP: 2/63 [acid (5)]
 11889 | D:10     | Mangled by a brown ugly thing

Illustrated notes

Levels and vault maps discovered:
D:1:      enne_arrival_octagon_isle, layout_loops_ring,
          hellmonk_ecumenical_altar_arch_garden
D:2:      layout_rooms, basic_altar, minmay_fractal_squares_5, uniq_natasha,
          uniq_robin, uniq_jessica
D:3:      layout_rooms, mainiacjoe_overflow_swirl, minmay_bisected,
          uniq_grinder, uniq_crazy_yiuf_cottage
D:4:      layout_basic, lemuel_old_faithful, uniq_sigmund, uniq_pikel
D:5:      layout_loops_ring, lemuel_tele_altar, evilmike_ruin_ashenzari,
          minmay_misc_feat_enclosed, chequers_serial_rivers_room_a,
          nicolae_elemental_shop, chequers_serial_rivers_large_b, uniq_edmund
D:6:      layout_basic, mainiacjoe_overflow_24_doors,
          mainiacjoe_overflow_catwalk, nicolae_qazlal_style_of_elements,
          temple_fountains
D:7:      layout_rooms, nicolae_gozag_seed_capital,
          nicolae_yredelemnul_corpse_copse, kennysheep_cross_bottleneck,
          minmay_manual_mail
D:8:      layout_basic, mainiacjoe_overflow_boulevard, david_lair_generic,
          enter_bailey_5
D:9:      layout_roguey, okawaru_metal_pillars_1_2, supply_closet_lemuel,
          disabler_island
D:10:     layout_roguey

Skill      XL: |  1  2  3  4  5  6  7  8  9 10 |
---------------+-------------------------------+-----
Spellcasting   | 4 8 9 |  9.6
Unarmed Combat | 3 4 5 6 8 9 |  9.5
Transmutations | 3 |  3.5
Ice Magic      | 1 7 |  7.4
Crossbows      | 1 2 |  2.5
Evocations     | 1 2 |  2.2
Fighting       | 1 |  1.8
Stealth        | 4 |  4.7
Dodging        | 5 6 |  6.8

Action                   |  1- 3 |  4- 6 |  7- 9 | 10-12 || total
-------------------------+-------+-------+-------+-------++-------
Melee: Unarmed           |    77 |   118 |   186 |   126 ||   507
       Headbutt          |    10 |       |       |       ||    10
       Kick              |     9 |       |       |       ||     9
 Fire: Hunting sling     |       |    11 |       |       ||    11
       Hand crossbow     |       |     9 |    85 |    31 ||   125
 Cast: Beastly Appendage |    13 |     1 |       |       ||    14
       Wereblood         |     4 |     9 |    10 |     8 ||    31
       Spider Form       |     3 |    24 |     4 |       ||    31
       Ice Form          |       |       |    29 |    14 ||    43
       Ozocubu's Armour  |       |       |    27 |     6 ||    33
Invok: Stomp             |       |     3 |     6 |     4 ||    13
       Line Pass         |       |     1 |     4 |       ||     5
 Abil: End Transformatio |       |       |     1 |     1 ||     2
       Evoke Blink       |       |       |     1 |       ||     1
Evoke: Wand              |       |     4 |    14 |     8 ||    26
  Use: Potion            |       |       |       |     1 ||     1
 Stab: Paralysed         |       |     1 |     5 |     5 ||    11
       Confused          |       |       |     2 |       ||     2
       Sleeping          |       |       |       |     1 ||     1
Armor: Robe              |     4 |     2 |     7 |     4 ||    17
       Skin              |     1 |     2 |    93 |    54 ||   150
Dodge: Dodged            |    63 |    86 |   119 |    81 ||   349
